 Dungeon Crawl Stone Soup version 0.19-a0-1072-g3763c35 (webtiles) character file.

108382 Jmtri7 the Executioner (level 16, 0/152 HPs)
             Began as a Hill Orc Berserker on Aug 5, 2016.
             Was a High Priest of Trog.
             Slain by a mace of protection (10 damage)
             ... on level 2 of the Elven Halls.
             The game lasted 01:29:07 (23740 turns).

Jmtri7 the Executioner (Hill Orc Berserker)        Turns: 23740, Time: 01:29:09

Health: 0/152      AC: 27    Str: 27    XL:     16   Next: 49%
Magic:  5/5        EV: 10    Int:  7    God:    Trog [*****.]
Gold:   1697       SH:  0    Dex: 12    Spells: 0 memorised, 15 levels left

rFire  . . .     SeeInvis +     M - +1 executioner's axe (antimagic)
rCold  . . .     Gourm    .     d - +2 pearl dragon armour
rNeg   + . .     Faith    .     (shield currently unavailable)
rPois  .         Spirit   .     t - +0 helmet
rElec  .         Dismiss  .     (no cloak)
rCorr  .         Reflect  .     q - +1 pair of gloves
SustAt .         Harm     .     A - +0 pair of boots
MR     +....                    (no amulet)
Stlth  ..........               y - +5 ring of protection
                                f - +6 ring of slaying

@: confused, exhausted, slowed, very slow
A: see invisible, agile 1
a: Berserk, Trog's Hand, Brothers in Arms, Burn Spellbooks, Renounce Religion


You were on level 2 of the Elven Halls.
You worshipped Trog.
Trog was extremely pleased with you.
You were hungry.

You visited 4 branches of the dungeon, and saw 20 of its levels.

You collected 2175 gold pieces.
You spent 478 gold pieces at shops.

Inventory:

Hand Weapons
 M - a +1 antimagic executioner's axe (weapon)
 R - a +6 executioner's axe of flaming
Armour
 d - a +2 pearl dragon armour (worn)
 q - a +1 pair of gloves (worn)
 t - a +0 helmet (worn)
 A - a +0 pair of boots (worn)
Jewellery
 f - a +6 ring of slaying (left hand)
 y - a +5 ring of protection (right hand)
 C - an uncursed ring of poison resistance
 D - an uncursed ring of flight
Wands
 a - a wand of digging (12/24)
 b - a wand of disintegration (15/24)
 i - a wand of polymorph (10/24)
 l - a wand of digging (11/24)
 x - a wand of iceblast (7/15)
 F - a wand of paralysis (24/24)
 H - a wand of teleportation (3/9)
Scrolls
 e - 4 scrolls of fear
 g - 8 scrolls of remove curse
 h - 4 scrolls of identify
 j - 4 scrolls of teleportation
 n - 4 scrolls of blinking
 s - 3 scrolls of recharging
 L - a scroll of fog
 Q - a scroll of magic mapping
Potions
 k - 2 potions of curing
 m - 2 potions of magic
 p - a potion of resistance
 r - 2 potions of flight
 u - a potion of cure mutation
 z - 3 potions of agility
 B - 3 potions of mutation
 E - 4 potions of brilliance
 P - a potion of cancellation
Books
 K - Orhalaud's Reference Book on Evil Rituals
   (You found it on level 1 of the Elven Halls)

   Spells                             Type                      Level
   a - Sublimation of Blood           Necromancy                   2
   b - Bolt of Draining               Conjuration/Necromancy       5
   Trog disapproves of the use of such an item.
Miscellaneous
 G - a lamp of fire
 S - a box of beasts
Comestibles
 c - 5 bread rations
 o - 15 meat rations
 w - 7 chunks of flesh
 I - 14 royal jellies
 J - 21 fruits


   Skills:
 + Level 16.4 Fighting
 - Level 26.0 Axes
 - Level 11.1 Armour
 - Level 1.5 Dodging
   Level 5.4 Shields


You had 15 spell levels left.
You didn't know any spells.

Dungeon Overview and Level Annotations

Branches:
Dungeon (15/15)            Temple (1/1) D:4            Lair (0/6) D:9
    Orc (2/2) D:10            Elf (2/3) Orc:2        Vaults (0/5) D:14
 Depths (0/5) D:15

Altars:
Ashenzari
Cheibriados
Fedhas
Gozag
Hepliaklqana
Kikubaaqudgha
Makhleb
Nemelex Xobeh
Okawaru
Pakellas
Qazlal
Ru
Sif Muna
Trog
Uskayaw
Vehumet
Xom
Zin
The Shining One
Beogh

Shops:
D:5 =(=}   D:8 :   D:13 *   Orc:1 %   Orc:2 ::}*

Annotations:
Elf:2 Louise


Innate Abilities, Weirdness & Mutations

You have supernaturally acute eyesight. (SInv)
You are agile. (Dex +2)


Message History

A deep elf mage comes into view. It is wielding a long sword.
Zapping:
l - a wand of digging (will waste charges)
Press: ? - help, Shift-Dir - straight line, f - you Nothing appears to happen.
Evoking this partially-identified wand wasted a few charges.
The deep elf knight shoots an arrow.
The arrow hits you but does no damage.
Louise begins to sob.
Louise mumbles some strange words.
Louise blinks!
The deep elf knight gestures wildly while chanting.
The deep elf knight seems to speed up.
A dancing weapon and a battlesphere come into view.
There is a dire flail of draining.
You are confused.
You feel invigorated.
The deep elf knight shoots an arrow.
The arrow hits you but does no damage.
The mace of protection hits you but does no damage.
The deep elf knight shoots an arrow.
The arrow hits you but does no damage. The mace of protection hits you!
You die...

.................
.......###
#........e..#
..........#
#...((....# ...
#....... ##.......##
#... #......
#.........###...#
###'('
#...........#....#
####.#e
...................
#..###.
...........(........
#......
............@.......
##.....#
.........e.........#
#..#....
.................#
#.###...
....e..........
#..#...#
......e*.......
#.....##
......(........
##...##
.........##...#
#....## ..((e..###
#..# ##....# ##....


You could see 3 deep elf knights, 2 deep elf magi, 4 dancing weapons and a
battlesphere.

Vanquished Creatures
  Jorgrun (Elf:2)
  Frances (D:13)
  Roxanne (Elf:1)
  An orc warlord (Orc:2)
  A deep elf elementalist (Elf:2)
  A deep elf demonologist (Elf:2)
  Azrael (Elf:2)
  The ghost of Phlounder the Frost Mage, a journeyman DrIE of Okawaru (Orc:2)
  A deep elf death mage (Elf:1)
  A hydra (D:15)
  A catoblepas (D:13)
  A centaur warrior (D:14)
  A death knight (D:15)
  An ogre mage (D:15)
  18 dancing weapons
  4 tengu warriors (D:13)
  4 orc high priests (Orc:2)
  10 deep elf knights
  Urug (D:11)
  5 skeletal warriors
  3 unseen horrors
  A swamp dragon (shapeshifter) (D:15)
  A wizard (D:14)
  A phantasmal warrior (D:15)
  A giant orange brain (D:15)
  4 hill giants
  2 harpies (shapeshifter)
  5 deep elf archers
  2 necromancers (Elf:1)
  36 deep elf magi
  A wolf spider (D:12)
  6 orc knights
  7 ugly things
  5 orc sorcerers
  A manticore (D:12)
  The ghost of BeowulfAlex the Changer, a novice OpTm (D:5)
  3 cyclopes
  Joseph (D:7)
  Psyche (D:9)
  3 gargoyles
  2 rime drakes (Orc:1)
  A komodo dragon (D:13)
  2 kobold demonologists
  2 efreet (D:14)
  2 freezing wraiths (D:15)
  A yaktaur (D:12)
  A yaktaur (shapeshifter) (Elf:2)
  A tengu conjurer (D:13)
  4 trolls
  A polar bear (shapeshifter) (D:15)
  6 meliai (D:14)
  9 two-headed ogres
  A wolf spider simulacrum (D:14)
  A raiju (shapeshifter) (D:15)
  7 slime creatures
  A shadow (D:15)
  5 water elementals
  2 air elementals
  4 large abominations (Elf:1)
  A tarantella (shapeshifter) (D:15)
  A vampire (D:14)
  3 wraiths
  15 yaks (D:11)
  2 steam dragons (D:9)
  5 fire elementals
  A hungry ghost (D:11)
  4 hippogriffs
  4 vampire mosquitoes (D:14)
  Edmund (D:4)
  9 wargs
  A mottled dragon (D:15)
  4 hell hounds
  2 soldier ants
  The ghost of scionoferis the Magician, an amateur DEWz (D:3)
  2 ice beasts
  49 orc warriors
  3 wasps
  An eye of draining (D:12)
  A necrophage (D:15)
  3 sky beasts
  3 black bears
  3 phantoms
  12 centaurs
  22 ogres
  A crocodile (D:12)
  2 big kobolds
  5 elf zombies
  2 earth elementals
  A gnoll sergeant (D:9)
  11 giant frogs
  A wyvern skeleton (D:7)
  2 scorpions
  14 killer bees
  14 wights
  4 electric eels (D:11)
  3 howler monkeys
  A troll zombie (D:15)
  2 spriggan skeletons (D:11)
  2 centaur zombies
  9 crimson imps
  A wyvern simulacrum (D:12)
  4 giant frog zombies
  2 human zombies (D:15)
  41 orc priests
  A wasp zombie (D:7)
  2 giant frog skeletons
  6 hounds
  A jelly (D:13)
  7 centaur skeletons
  An iguana (D:14)
  4 human skeletons (D:15)
  23 orc wizards
  15 worker ants
  A killer bee zombie (D:5)
  A hound zombie (D:5)
  2 hound skeletons
  2 mummies (D:15)
  9 gnolls
  A howler monkey skeleton (D:10)
  5 adders
  2 shadow imps
  2 adder skeletons
  3 worms
  5 dart slugs
  4 giant geckos
  130 orcs
  5 bats
  4 giant cockroaches
  9 goblins
  5 hobgoblins
  A jackal (D:8)
  15 kobolds
  5 quokkas
  A giant gecko zombie (D:6)
  4 giant newts
  A jackal zombie (D:5)
  2 quokka skeletons
  10 rats
  5 fungi (D:9)
763 creatures vanquished.

Vanquished Creatures (others)
  A centaur (D:11)
1 creature vanquished.

Grand Total: 764 creatures vanquished

Notes
Turn   | Place    | Note
-------+----------+-------------------------------------------
     0 | D:1      | Jmtri7 the Hill Orc Berserker began the quest for the Orb.
     0 | D:1      | Reached XP level 1. HP: 19/19 MP: 1/1
    89 | D:1      | Reached XP level 2. HP: 19/26 MP: 2/2
   322 | D:1      | Reached skill level 5 in Axes
   453 | D:1      | Reached XP level 3. HP: 31/31 MP: 3/3
   545 | D:1      | Reached ** piety under Trog
   914 | D:2      | Reached skill level 6 in Axes
   980 | D:2      | Reached XP level 4. HP: 20/40 MP: 4/4
  1322 | D:2      | Found a hazy altar of Hepliaklqana.
  1458 | D:2      | Found a sparkling altar of Nemelex Xobeh.
  1609 | D:3      | Noticed scionoferis's ghost (amateur DEWz)
  1625 | D:3      | Killed scionoferis's ghost
  1625 | D:3      | Reached XP level 5. HP: 50/50 MP: 5/5
  1961 | D:3      | Found a roughly hewn altar of Beogh.
  1964 | D:3      | Reached *** piety under Trog
  1966 | D:3      | Reached XP level 6. HP: 58/58 MP: 6/6
  2441 | D:4      | Found a stormy altar of Qazlal.
  2468 | D:4      | Found a sacrificial altar of Ru.
  2519 | D:4      | Noticed Edmund
  2535 | D:4      | Killed Edmund
  2535 | D:4      | Reached XP level 7. HP: 24/68 MP: 7/7
  3196 | D:4      | Found a staircase to the Ecumenical Temple.
  3200 | Temple   | Entered the Ecumenical Temple
  3594 | D:5      | Entered Level 5 of the Dungeon
  3605 | D:5      | Noticed BeowulfAlex's ghost (novice OpTm)
  3613 | D:5      | Killed BeowulfAlex's ghost
  3613 | D:5      | Reached skill level 10 in Fighting
  3613 | D:5      | Reached XP level 8. HP: 80/80 MP: 8/8
  3722 | D:5      | Found a blossoming altar of Fedhas.
  3806 | D:5      | Reached skill level 7 in Axes
  3866 | D:5      | Found a blossoming altar of Fedhas.
  3879 | D:5      | Found Vin Seud's Weapon Shoppe.
  3939 | D:5      | Reached skill level 8 in Axes
  4005 | D:5      | Found Facade Zigas's Jewellery Emporium.
  4050 | D:5      | Found Ceuwysiw's Gadget Shoppe.
  4176 | D:5      | Found Gymenout's Jewellery Boutique.
  4343 | D:6      | Reached skill level 9 in Axes
  4349 | D:6      | Reached skill level 10 in Axes
  4432 | D:6      | Reached XP level 9. HP: 69/86 MP: 9/9
  4502 | D:6      | Found an iron altar of Okawaru.
  4579 | D:6      | Reached skill level 11 in Axes
  4926 | D:7      | Found a deep blue altar of Sif Muna.
  5137 | D:7      | Reached skill level 12 in Axes
  5143 | D:7      | Noticed Joseph
  5150 | D:7      | Killed Joseph
  5162 | D:7      | Reached skill level 13 in Axes
  5830 | D:8      | Reached **** piety under Trog
  5911 | D:8      | Noticed a two-headed ogre
  5913 | D:8      | Killed a two-headed ogre
  5913 | D:8      | Reached skill level 14 in Axes
  5913 | D:8      | Reached XP level 10. HP: 94/94 MP: 10/10
  5993 | D:8      | Found a bloodstained altar of Trog.
  6066 | D:8      | Found an oddly glowing altar of Pakellas.
  6073 | D:8      | Found Agudduyrru's Book Emporium.
  6308 | D:8      | Reached skill level 15 in Axes
  7174 | D:9      | Found a hide-covered altar of Uskayaw.
  7177 | D:9      | Found a staircase to the Lair.
  7308 | D:9      | Found a snail-covered altar of Cheibriados.
  7329 | D:9      | Noticed Psyche
  7335 | D:9      | Killed Psyche
  7335 | D:9      | Reached skill level 5 in Shields
  7369 | D:9      | Found a shimmering altar of Xom.
  7475 | D:9      | Reached ***** piety under Trog
  7701 | D:9      | Found a shattered altar of Ashenzari.
  7945 | D:10     | Entered Level 10 of the Dungeon
  7965 | D:10     | Reached XP level 11. HP: 95/101 MP: 11/11
  8094 | D:10     | Reached skill level 5 in Armour
  8176 | D:10     | Received a gift from Trog
  8277 | D:10     | Found a staircase to the Orcish Mines.
  8552 | D:10     | Found a deep blue altar of Sif Muna.
  8701 | D:11     | Noticed a cyclops
  8712 | D:11     | Killed a cyclops
  9755 | D:12     | Noticed a wolf spider
  9760 | D:12     | Killed a wolf spider
  9760 | D:12     | Reached skill level 10 in Armour
  9983 | D:12     | Noticed a cyclops
  9993 | D:12     | Killed a cyclops
 10183 | D:12     | Noticed a hill giant
 10184 | D:12     | Killed a hill giant
 10302 | D:12     | Reached skill level 16 in Axes
 10307 | D:12     | Reached XP level 12. HP: 107/107 MP: 12/12
 10509 | D:13     | Reached skill level 17 in Axes
 10579 | D:13     | Noticed a tengu warrior
 10977 | D:13     | Found Ronn's Assorted Antiques.
 10991 | D:13     | Noticed a tengu warrior
 10997 | D:13     | Killed a tengu warrior
 10997 | D:13     | Reached skill level 18 in Axes
 11004 | D:13     | Killed a tengu warrior
 11313 | D:13     | Noticed a catoblepas
 11317 | D:13     | Killed a catoblepas
 11317 | D:13     | Received a gift from Trog
 11369 | D:13     | Noticed Frances
 11371 | D:13     | Reached skill level 19 in Axes
 11377 | D:13     | Killed Frances
 11377 | D:13     | Reached XP level 13. HP: 114/114 MP: 13/13
 11653 | D:14     | Reached skill level 20 in Axes
 12116 | D:14     | Found a gate to the Vaults.
 12187 | D:14     | Reached skill level 21 in Axes
 12209 | D:14     | Gained mutation: You are agile. (Dex +2) [mutagenic meat]
 12212 | D:14     | Gained mutation: You have supernaturally acute eyesight. (SInv) [mutagenic meat]
 12920 | D:15     | Entered Level 15 of the Dungeon
 12955 | D:15     | Found an ancient bone altar of Kikubaaqudgha.
 13301 | D:15     | Reached skill level 22 in Axes
 13302 | D:15     | Reached ****** piety under Trog
 13304 | D:15     | Received a gift from Trog
 13492 | D:15     | Reached XP level 14. HP: 122/122 MP: 14/14
 14267 | D:15     | Reached skill level 23 in Axes
 14766 | D:15     | Found a staircase to the Depths.
 15345 | D:11     | Noticed Urug
 15354 | D:11     | Killed Urug
 15712 | Orc:1    | Entered Level 1 of the Orcish Mines
 15931 | Orc:1    | Found Qutwog's Food Shop.
 15939 | Orc:1    | Bought a meat ration for 55 gold pieces
 15939 | Orc:1    | Bought a meat ration for 55 gold pieces
 15939 | Orc:1    | Bought a meat ration for 55 gold pieces
 15939 | Orc:1    | Bought a meat ration for 55 gold pieces
 15939 | Orc:1    | Bought a meat ration for 55 gold pieces
 15939 | Orc:1    | Bought a fruit for 16 gold pieces
 15939 | Orc:1    | Bought a beef jerky for 16 gold pieces
 15939 | Orc:1    | Bought a royal jelly for 22 gold pieces
 15939 | Orc:1    | Bought a fruit for 16 gold pieces
 15939 | Orc:1    | Bought 3 fruits for 49 gold pieces
 15978 | Orc:2    | Entered Level 2 of the Orcish Mines
 15987 | Orc:2    | Received a gift from Trog
 16081 | Orc:2    | Reached skill level 24 in Axes
 16106 | Orc:2    | Noticed Phlounder's ghost (journeyman DrIE)
 16121 | Orc:2    | Killed Phlounder's ghost
 16545 | Orc:2    | Identified the Tome of Hurtful Summoning
 16649 | Orc:2    | Found a staircase to the Elven Halls.
 16746 | Orc:2    | Noticed an orc warlord
 16755 | Orc:2    | Killed an orc warlord
 16757 | Orc:2    | Found a roughly hewn altar of Beogh.
 16759 | Orc:2    | Received a gift from Trog
 17120 | Orc:2    | Found Folaq's Book Boutique.
 17347 | Orc:2    | Found Olaneil's Book Emporium.
 17678 | Orc:2    | Found a roughly hewn altar of Beogh.
 17730 | Orc:2    | Reached skill level 25 in Axes
 17732 | Orc:2    | Reached XP level 15. HP: 128/128 MP: 15/15
 17772 | Orc:2    | Found Xien's Gadget Boutique.
 17793 | Orc:2    | Found Boomebut's General Store.
 17806 | Orc:2    | Bought a scroll of teleportation for 39 gold pieces
 17806 | Orc:2    | Bought a scroll of magic mapping for 45 gold pieces
 18185 | Orc:1    | Received a gift from Trog
 18537 | Elf:1    | Entered Level 1 of the Elven Halls
 19128 | Elf:1    | Noticed Roxanne
 19280 | Elf:1    | Killed Roxanne
 19280 | Elf:1    | Reached skill level 26 in Axes
 20035 | Elf:1    | Identified Orhalaud's Reference Book on Evil Rituals
 20482 | Elf:1    | Received a gift from Trog
 21758 | Elf:2    | Reached XP level 16. HP: 129/146 MP: 5/16
 21833 | Elf:2    | Found a huge runed gate.
 21833 | Elf:2    | Found a huge runed gate.
 21833 | Elf:2    | Found a huge runed gate.
 21834 | Elf:2    | Found a huge runed gate.
 21835 | Elf:2    | Found a huge runed gate.
 22279 | Elf:2    | Reached skill level 15 in Fighting
 22285 | Elf:2    | Noticed Jorgrun
 22292 | Elf:2    | Killed Jorgrun
 22399 | Elf:2    | Noticed Azrael
 22400 | Elf:2    | Noticed a deep elf blademaster
 22587 | Elf:2    | Killed Azrael
 23737 | Elf:2    | Noticed Louise
 23737 | Elf:2    | HP: 1/152 [deep elf knight/arrow (12)]
 23740 | Elf:2    | Slain by a mace of protection

Vault maps used:
D:1:      onia_arrival_larder
D:2:      nemelex_xobeh_ov_fountains_minmay, lemuel_round_altar
D:3:      kennysheep_orc_chapel
D:4:      nicolae_overflow_crystal_walls, grunt_qazlal_clouds, first_bread,
          uniq_edmund
D:5:      fedhas_altar_4, serial_shops, kennysheep_little_box, shop,
          nicolae_shop_window_shopping,
          nicolae_shop_temple_entry_statues_fountains, basic_altar,
          roderic_serpentine_path, minmay_hedge_maze
D:6:      lemuel_crystal_altar
D:7:      lemuel_coloured_pillars_altar, minivault_26, uniq_joseph
D:8:      lightli_temple_of_fire, serial_shops, shop_coins,
          hangedman_pestilent_swarm, grunt_pakellas_salt
D:9:      kennysheep_steamy, eat_drink_and_be_merry_uskayaw, xom_teletrap_fun,
          cheibrodos_ashenzari_chains, cheibriados_altar_1, lair_0_dummy,
          uniq_psyche
D:10:     erik_orc_4, led_sif_book
D:11:     erik_rubicon_a, lab_entry_generic, hangedman_tell_no_tales, uniq_urug
D:12:     minmay_cornered_nines, serial_glass, glass_columns_a, glass_columns_a
D:13:     serial_shops, nicolae_shop_crystal, uniq_frances
D:14:     david_vaults_1, hangedman_abyss_or_decor_jellyfish_corner,
          special_room
D:15:     gammafunk_enter_depths_forms, minivault_27,
          lemuel_mausoleum_altar_kikubaaqudgha
Temple:   eino_wide_crystal_templ
Orc:1:    portal_ice_cave_rime, serial_shops, shop_fountains
Orc:2:    pubby_orc_utopia
Elf:1:    minmay_elf_necromancy, uniq_roxanne
Elf:2:    minmay_elf_demonology, uniq_jorgrun, uniq_louise, uniq_azrael

Skill      XL: |  1  2  3  4  5  6  7  8  9 10 11 12 13 14 15 16 |
---------------+-------------------------------------------------+-----
Axes           | 5 6 10 14 15 16 19 22 25 26 | 26.0
Fighting       | 6 8 10 14 16 | 16.4
Shields        | 5 |  5.4
Armour         | 4 11 | 11.1
Dodging        | |  1.5

Action                   |  1- 3 |  4- 6 |  7- 9 | 10-12 | 13-15 | 16-18 || total
-------------------------+-------+-------+-------+-------+-------+-------++-------
Melee: Hand axe          |    75 |    85 |   144 |    44 |       |       ||   348
       War axe           |       |       |    76 |   185 |       |       ||   261
       Executioner's axe |       |       |       |   189 |   789 |   161 ||  1139
Invok: Berserk           |       |     4 |     9 |    14 |    23 |     3 ||    53
       Burn Spellbooks   |       |       |     1 |     1 |     3 |     1 ||     6
Evoke: Wand              |       |       |       |       |     1 |     1 ||     2
  Use: Scroll            |       |       |     3 |    16 |    15 |     3 ||    37
       Potion            |       |       |       |       |     4 |     3 ||     7
 Stab: Sleeping          |     2 |       |       |       |       |       ||     2
  Eat: Chunk             |       |     8 |    15 |    31 |    49 |     2 ||   105
       Beef jerky        |       |       |     3 |     1 |     6 |       ||    10
       Bread ration      |       |       |       |       |     1 |     1 ||     2
Armor: Animal skin       |     2 |       |       |       |       |       ||     2
       Chain mail        |    24 |    42 |     6 |       |       |       ||    72
       Pearl dragon armo |       |       |    87 |   237 |   372 |   112 ||   808
Dodge: Dodged            |    33 |    33 |    64 |   125 |   284 |    47 ||   586
Block: Shield            |       |       |    23 |    78 |       |       ||   101
